 Dungeon Crawl Stone Soup version 0.24.0-28-g17ded55e90 (webtiles) character file.

Game seed: 12223373079807050119, levelgen mode: deterministic

205 sking99 the Chopper (level 5, -12/47 HPs)
             Began as a Hill Orc Fighter on Nov 12, 2019.
             Killed by nerve-wracking pain
             ... invoked by Grinder
              (13 damage)
             ... on level 3 of the Dungeon.
             The game lasted 00:03:46 (2452 turns).

sking99 the Chopper (Hill Orc Fighter)              Turns: 2452, Time: 00:03:47

Health: -12/47     AC: 13    Str: 25    XL:     5   Next: 83%
Magic:  5/5        EV:  4    Int:  8    God:
Gold:   238        SH: 10    Dex: 10    Spells: 4/4 levels left

rFire    . . .     SeeInvis .   a - +0 war axe
rCold    . . .     Gourm    .   c - +0 shield
rNeg     . . .     Faith    .   j - +0 plate armour
rPois    .         Spirit   .   (no helmet)
rElec    .         Reflect  .   (no cloak)
rCorr    .         Harm     .   y - +0 pair of gloves
MR       .....                  e - +0 pair of boots (curse)
Stlth    ..........             (no amulet)
HPRegen  0.15/turn              (no ring)
MPRegen  0.09/turn              (no ring)

@: mighty
A: no striking features
a: no special abilities


You were on level 3 of the Dungeon.
You were hungry.

You visited 1 branch of the dungeon, and saw 3 of its levels.

You collected 238 gold pieces.

Inventory:

Hand Weapons
 a - a +0 war axe (weapon)
Missiles
 v - 7 poisoned darts (quivered)
Armour
 c - a +0 shield (worn)
 e - a cursed +0 pair of boots (worn)
 j - a +0 plate armour (worn)
 y - a +0 pair of gloves (worn)
Jewellery
 g - an uncursed amulet of the acrobat {unknown}
 x - an uncursed amulet of regeneration {unknown}
Scrolls
 b - 2 scrolls of remove curse {unknown}
 h - 2 scrolls of enchant armour {unknown}
 l - 3 scrolls of magic mapping {unknown}
 m - a scroll of random uselessness {unknown}
 n - a scroll of teleportation {unknown}
 p - a scroll of amnesia {unknown}
 r - a scroll of blinking {unknown}
 s - a scroll of immolation {unknown}
 u - a scroll of fear {unknown}
Potions
 d - a potion of might
 i - 2 potions of heal wounds {unknown}
 k - 2 potions of lignification {unknown}
 o - a potion of cancellation {unknown}
 q - a potion of magic {unknown}
 t - a potion of flight {unknown}
 w - a potion of haste {unknown}
 z - a potion of mutation {unknown}
Comestibles
 f - 9 rations


   Skills:
 + Level 4.9 Fighting
 * Level 5.8 Axes
 - Level 3.2 Armour
 + Level 4.4 Shields


You had 4 spell levels left.
You didn't know any spells.
Your spell library was empty.

Dungeon Overview and Level Annotations

Branches:
Dungeon (3/15)

Altars:

Annotations:
D:3 Grinder


Message History

You slice Grinder!!
Grinder is severely wounded.
Grinder hits you.
You writhe in agony.
You closely miss Grinder.
Grinder is severely wounded.
Grinder hits you but does no damage.
Grinder blinks!
Grinder gestures at you.
You suddenly lose the ability to move!
Grinder gestures at you. Pain shoots through your body!
* * * LOW HITPOINT WARNING * * *
Grinder gestures at you. You resist with significant effort.
Grinder gestures at you. Pain shoots through your body!
* * * LOW HITPOINT WARNING * * *
You can move again.
Grinder gestures at you. Pain shoots through your body!
You die...

..#..... ÷......# ##
######.# .# )......#
.# ...##### .#
.#.###############.#
.#+##≈.≈...≈.....≈.#
.......≈....≈≈5≈...#
......≈≈≈≈≈≈≈≈≈≈@..#
.....≈.≈≈≈≈≈≈≈≈≈...#
......≈≈≈≈≈≈≈≈≈≈...#
...##≈.≈≈≈≈.≈≈≈≈≈.##
#####.≈≈≈≈≈_.≈≈≈≈.#
#≈.≈≈≈≈≈♣≈≈≈.≈#
#≈.≈≈≈≈≈≈≈≈≈.≈#
#..≈≈≈≈≈≈≈≈≈≈.#
#.≈≈≈≈≈≈≈≈≈≈≈.#


You could see Grinder.

Vanquished Creatures
  An orc priest (D:2)
  4 gnolls (D:3)
  4 adders
  3 worms (D:3)
  2 dart slugs
  3 leopard geckos
  6 orcs
  4 giant cockroaches
  11 goblins
  8 hobgoblins
  5 jackals (D:2)
  2 quokkas
  7 bats
  3 frilled lizards
  6 kobolds
  12 rats
81 creatures vanquished.

Notes
Turn   | Place    | Note
-------+----------+-------------------------------------------
     0 | D:1      | sking99 the Hill Orc Fighter began the quest for the Orb.
     0 | D:1      | Reached XP level 1. HP: 19/19 MP: 1/1
    58 | D:1      | Reached skill level 3 in Axes
   275 | D:1      | Reached XP level 2. HP: 27/27 MP: 2/2
   510 | D:1      | Reached XP level 3. HP: 33/33 MP: 3/3
   817 | D:2      | Reached skill level 4 in Axes
  1038 | D:2      | Reached XP level 4. HP: 3/41 MP: 4/4
  1879 | D:3      | Reached skill level 5 in Axes
  2018 | D:3      | Reached XP level 5. HP: 43/47 MP: 5/5
  2391 | D:3      | Found a faded altar of an unknown god.
  2422 | D:3      | Noticed Grinder
  2446 | D:3      | Paralysed by Grinder for 6 turns
  2451 | D:3      | HP: 1/47 [Grinder/nerve-wracking pain (14)]
  2452 | D:3      | Killed from afar by Grinder

Levels and vault maps discovered:
D:1:      scummos_arrival_checkerplants, layout_basic, fountainhead
D:2:      layout_loops_ring
D:3:      layout_basic, first_ration, chequers_ecumenical_altar_island,
          uniq_grinder

Skill      XL: |  1  2  3  4 |
---------------+-------------+-----
Axes           | 3 4 5 |  5.8
Fighting       | 4 |  4.9
Shields        | 4 |  4.4
Armour         | |  3.2

Action                   |  1- 3 |  4- 6 || total
-------------------------+-------+-------++-------
Melee: War axe           |   141 |   127 ||   268
  Use: Potion            |       |     1 ||     1
  Eat: Chunk             |     1 |     4 ||     5
Armor: Plate armour      |   105 |    93 ||   198
       Scale mail        |     3 |       ||     3
Dodge: Dodged            |    21 |    26 ||    47
Block: Shield            |    67 |    83 ||   150
